 Dungeon Crawl Stone Soup version 0.18.1-50-g88ac8fd (webtiles) character file.

184 Amnesiac the Cutter (level 5, -3/31 HPs)
             Began as a Deep Elf Fighter on Mar 1, 2018.
             Slain by a crocodile (16 damage)
             ... in a sewer.
             The game lasted 00:04:41 (1276 turns).

Amnesiac the Cutter (Deep Elf Fighter)              Turns: 1276, Time: 00:04:41

Health: -3/31      AC:  7    Str: 14    XL:     5   Next: 36%
Magic:  7/7        EV: 12    Int: 13    God:
Gold:   96         SH:  8    Dex: 19    Spells: 0 memorised, 4 levels left

rFire  . . .     SeeInvis .     l - -1 blowgun (curse)
rCold  . . .     Gourm    .     b - +0 scale mail
rNeg   . . .     Faith    .     c - +0 shield
rPois  .         Spirit   .     (no helmet)
rElec  .         Dismiss  .     k - +0 cloak (curse)
rCorr  .         Reflect  .     (no gloves)
SustAt .         Harm     .     (no boots)
MR     .....                    (no amulet)
Stlth  ..........               (no ring)
                                i - ring of loudness (curse)

@: agile, drained, not resistant to hostile enchantments, extremely unstealthy
A: no striking features
a: no special abilities


You were in a sewer.
You were hungry.

You visited 1 branch of the dungeon, and saw 4 of its levels.
You also visited: Sewer.

You collected 96 gold pieces.

Inventory:

Hand Weapons
 a - a +0 short sword of draining
 l - a cursed -1 blowgun (weapon)
Missiles
 d - 12 poisoned needles (quivered)
 h - a stone
Armour
 b - a +0 scale mail (worn)
 c - a +0 shield (worn)
 k - a cursed +0 cloak (worn)
Jewellery
 i - a cursed ring of loudness (left hand)
Potions
 e - a potion of flight {!q}
 n - a potion of agility {!q}
Comestibles
 f - 2 bread rations
 g - a beef jerky


   Skills:
 - Level 2.4(2.0) Fighting
 + Level 5.1(4.7) Short Blades
 - Level 2.4(2.0) Armour
 - Level 2.6(2.2) Dodging
 - Level 2.4(2.0) Shields


You had 4 spell levels left.
You didn't know any spells.

Dungeon Overview and Level Annotations

Branches:
Dungeon (4/15)
 Temple: D:4-7

Altars:
The Shining One


Message History

Oops, that ring feels deathly cold.
i - a cursed ring of loudness (left hand) Put on which piece of jewellery? (? for menu, Esc to quit)
Okay, then.
You aren't carrying any spellbooks or scrolls.
Unknown command.
h - a stone
Found a fuming yellow potion.
You see here a jackal corpse.
Found a fuming yellow potion.
m - a scroll labeled CUEG OJ FEXIGUL {!r}
n - a fuming yellow potion {!q}
n - 2 fuming yellow potions {!q} (gained 1) Wield which item (- for none, * to show all)? (? for menu, Esc to quit)
It sticks to your hand!
l - a cursed -1 blowgun (weapon)
Read which item? (? for menu, Esc to quit)
Really read
m - a scroll labeled CUEG OJ FEXIGUL {!r}?
As you read the scroll labeled CUEG OJ FEXIGUL {!r}, it crumbles to dust.
You feel strangely unstable.
It was a scroll of teleportation {!r}.
You start waiting.
Your surroundings suddenly seem different.
Found 64 gold pieces and 14 bolts.
A crocodile comes into view.
Drink which item? (? for menu, Esc to quit)
Okay, then.
You enter the shallow water.
Moving in this stuff is going to be slow.
Found 28 gold pieces.
The crocodile bites you!
The crocodile bites you but does no damage.
You block the crocodile's attack.
Drink which item? (? for menu, Esc to quit)
Really quaff
n - 2 fuming yellow potions {!q}?
It was a potion of agility {!q}.
You feel agile all of a sudden. The crocodile barely misses you.
Drink which item? (? for menu, Esc to quit)
Okay, then.
Drink which item? (? for menu, Esc to quit)
Really quaff
j - a potion of invisibility {!q}?
You fade into invisibility!
The crocodile completely misses you.
You are very lightly contaminated with residual magic.
You flicker for a moment.
You are feeling hungry.
You flicker back into view.
You aren't carrying any spellbooks or scrolls.
You aren't carrying any spellbooks or scrolls.
Drink which item? (? for menu, Esc to quit)
Okay, then.
Drink which item? (? for menu, Esc to quit)
Okay, then.
You enter the shallow water.
Moving in this stuff is going to be slow.
The crocodile bites you!
* * * LOW HITPOINT WARNING * * *
The crocodile closely misses you. You block the crocodile's attack.
The crocodile misses you.
Your magical contamination has completely faded away.
The crocodile bites you!
Ouch! That really hurt!
You die...

#≈ #..# #≈ #..#
######## #≈ ##.##
###......###
##≈##...#
###..≈..≈..≈.###
#.≈.#...#
##≈....####..≈..###
#.≈.....# ..≈.≈###
###...≈.###≈≈.....#
≈≈..##
##≈.≈.≈≈.≈≈†#####
.≈≈.≈###
###..t@.###.≈.....#
##.....####≈≈≈..###
#.≈...∩.#
###..≈.......###
#.≈.#.).#
###......###
##≈##.[.# ########
#≈ ##### #≈ ##


You could see a crocodile.

Vanquished Creatures
  A scorpion (D:4)
  A hound (D:4)
  An orc priest (D:4)
  2 adders
  A river rat (D:4)
  An adder skeleton (D:4)
  A dart slug (D:1)
  A giant gecko (D:4)
  4 orcs (D:4)
  2 giant cockroaches
  5 goblins
  A hobgoblin (D:2)
  11 jackals
  A ball python (D:4)
  2 bats
  2 giant newts
  4 kobolds
  A rat (D:2)
42 creatures vanquished.

Notes
Turn   | Place    | Note
--------------------------------------------------------------
     0 | D:1      | Amnesiac the Deep Elf Fighter began the quest for the Orb.
     0 | D:1      | Reached XP level 1. HP: 13/13 MP: 3/3
    55 | D:1      | Reached XP level 2. HP: 15/18 MP: 4/4
   202 | D:2      | Reached skill level 3 in Short Blades
   362 | D:3      | Reached XP level 3. HP: 17/22 MP: 5/5
   641 | D:4      | Reached skill level 4 in Short Blades
   641 | D:4      | Reached XP level 4. HP: 4/27 MP: 6/6
   875 | D:4      | Reached XP level 5. HP: 24/31 MP: 7/7
   904 | D:4      | Found a glowing golden altar of the Shining One.
   956 | D:4      | Found a glowing drain.
  1031 | D:4      | Reached skill level 5 in Short Blades
  1073 | Sewer    | Entered a sewer
  1227 | Sewer    | Noticed a crocodile
  1276 | Sewer    | Slain by a crocodile

Skill      XL: |  1  2  3  4  5 |
---------------+----------------+-----
Short Blades   | 3 4 5 |  5.1
Dodging        | 2 |  2.6
Fighting       | |  2.4
Armour         | |  2.4
Shields        | |  2.4

Action                   |  1- 3 |  4- 6 || total
-------------------------+-------+-------++-------
Melee: Rapier            |   118 |    53 ||   171
       Unarmed           |       |     6 ||     6
  Use: Potion            |     1 |     4 ||     5
       Scroll            |       |     2 ||     2
  Eat: Chunk             |       |     1 ||     1
Armor: Scale mail        |    47 |    39 ||    86
       Skin              |       |     4 ||     4
Dodge: Dodged            |    32 |    34 ||    66
Block: Shield            |    58 |    40 ||    98
